 Dungeon Crawl Stone Soup version 0.28.0-45-g0d030f2227 (webtiles) character file.

Game seed: 2767614188819298843

18489 Revguard the Fighter (level 12, 0/127 HPs)
             Began as a Troll Berserker on Apr 18, 2022.
             Was an Elder of Trog.
             Slain by a skeletal warrior
             ... wielding a +0 glaive
              (19 damage)
             ... on level 12 of the Dungeon.
             The game lasted 00:28:04 (10596 turns).

Revguard the Fighter (Troll Berserker)             Turns: 10596, Time: 00:28:05

Health: 0/127      AC: 11    Str: 30    XL:     12   Next: 28%
Magic:  11/11      EV: 17    Int:  3    God:    Trog [****..]
Gold:   758        SH:  0    Dex: 15    Spells: 11/11 levels left

rFire   + . .      SeeInvis +   m - +2 dire flail (vorpal)
rCold   + + +      Faith    .   (shield currently unavailable)
rNeg    . . .      Spirit   .   r - +4 skin of Zhor {*Englaciate rC+++ SInv}
rPois   +          Reflect  .   w - +2 hat
rElec   .          Harm     .   A - +0 cloak
rCorr   .          Rampage  .   (gloves unavailable)
Will    .....                   (boots unavailable)
Stlth   +.........              u - amulet of the acrobat
HPRegen 1.11/turn               y - ring of protection from fire
MPRegen 0.12/turn               f - +4 ring of evasion

@: on berserk cooldown, slowed, unable to read, very slow
A: large, unfitting armour, claws 3, regeneration 1, shaggy fur 1, tough skin 1,
agile 1, poison resistance, strong 1, inability to read while threatened
a: Renounce Religion, Berserk, Trog's Hand, Brothers in Arms


You were on level 12 of the Dungeon.
You worshipped Trog.
Trog was greatly pleased with you.
You visited 2 branches of the dungeon, and saw 13 of its levels.

You collected 758 gold pieces.

Inventory:

Hand Weapons
 e - a +1 whip of electrocution
 k - a +3 whip of freezing
 m - a +2 vorpal dire flail (weapon)
Missiles
 i - 35 poisoned darts
 B - 7 large rocks (quivered)
Armour
 r - the +4 skin of Zhor (worn) {*Englaciate rC+++ SInv}
   (You found it on level 7 of the Dungeon)

   It radiates cold, occasionally slowing all nearby creatures who are not
   resistant to cold.
   rC:        It renders you almost immune to cold.
   SInv:      It lets you see invisible.
 w - a +2 hat (worn)
 A - a +0 cloak (worn)
Jewellery
 f - a +4 ring of evasion (right claw)
 l - a ring of protection from cold
 n - a ring of resist corrosion
 u - an amulet of the acrobat (around neck)
 y - a ring of protection from fire (left claw)
Wands
 j - a wand of paralysis (7)
 C - a wand of iceblast (4)
Scrolls
 c - 2 scrolls of silence
 d - 3 scrolls of fog
 o - a scroll of fear
 p - a scroll of holy word
 q - 2 scrolls of enchant armour
 t - 2 scrolls of blinking
 v - 4 scrolls of identify
 x - a scroll of immolation {unknown}
 z - a scroll of acquirement {unknown}
Potions
 b - a potion of ambrosia
 g - a potion of haste
Miscellaneous
 h - a tin of tremorstones (2/2)
 s - a box of beasts


   Skills:
 * Level 10.4 Fighting
 + Level 8.1 Maces & Flails
 + Level 7.5 Throwing
 + Level 7.0 Armour
 + Level 7.5 Dodging


You had 11 spell levels left.
You didn't know any spells.
Your spell library was empty.

Dungeon Overview and Level Annotations

Branches:
Dungeon (12/15)            Temple (1/1) D:5            Lair (0/6) D:10
    Orc (0/2) D:9

Altars:
Ashenzari
Cheibriados
Dithmenos
Elyvilon
Fedhas
Gozag
Hepliaklqana
Kikubaaqudgha
Makhleb
Nemelex Xobeh
Okawaru
Qazlal
Ru
Sif Muna
Trog
Uskayaw
Vehumet
Wu Jian
Xom
Yredelemnul
Zin
The Shining One

Annotations:
D:5 1 runed translucent door


Innate Abilities, Weirdness & Mutations

You are too large for most types of armour.
You have claws for hands.
Your natural rate of healing is unusually fast.
You are covered in fur. (AC +1)
You have tough skin. (AC +1)
You are agile. (Dex +2)
Your system is resistant to poisons. (rPois)
Your muscles are strong. (Str +2)
You sometimes lose the ability to read scrolls when taking damage.


Message History

The skeletal warrior hits you from afar with a +0 glaive!!
You feel threatened and lose the ability to read scrolls!
* * * LOW HITPOINT WARNING * * *
Your Armour skill increases to level 7!
You are no longer berserk.
You are exhausted.
You feel yourself slow down.
You radiate an aura of cold.
The skeletal warrior is unaffected.
You are confused.
You feel invigorated.
The skeletal warrior hits you from afar with a +0 glaive!!
* * * LOW HITPOINT WARNING * * *
The skeletal warrior hits you from afar with a +0 glaive.
* * * LOW HITPOINT WARNING * * *
Okay, then.
You bump into the stone wall.
You radiate an aura of cold.
The skeletal warrior is unaffected.
You can read scrolls again.
The skeletal warrior closely misses you.
The skeletal warrior hits you with a +0 glaive!
You feel threatened and lose the ability to read scrolls!
* * * LOW HITPOINT WARNING * * *
The skeletal warrior barely misses you.
You barely miss the skeletal warrior.
The skeletal warrior closely misses you.
You bump into the stone wall.
You radiate an aura of cold.
The skeletal warrior is unaffected.
The skeletal warrior hits you with a +0 glaive!
* * * LOW HITPOINT WARNING * * *
You hit the skeletal warrior but do no damage.
You feel less invigorated.
You feel less confused.
The skeletal warrior hits you with a +0 glaive.
* * * LOW HITPOINT WARNING * * *
The skeletal warrior hits you with a +0 glaive!!
* * * LOW HITPOINT WARNING * * *
You cannot read scrolls in your current state!
You feel better.
The skeletal warrior hits you with a +0 glaive!!
You die...

#. .....# #.####.
.....#
#......#...$.#
#.....# ##.#..#
#.# .# ##### #)#
# ....# #z# ###.#
#@# #.# #.# #.#
#.# #.# #.# #.#
#.#
##.############.#
#...............#
##.##############
###


You could see a skeletal warrior.

Vanquished Creatures
  Gastronok (D:9)
  The ghost of CryoSword the Fighter, a novice OgBe of Trog (D:9)
  A hydra (D:11)
  2 two-headed ogres
  A tengu warrior (D:9)
  2 skeletal warriors (D:12)
  An oklob plant (D:10)
  A manticore (D:7)
  A cyclops (D:11)
  A moth of wrath (D:9)
  Joseph (D:10)
  An unseen horror (D:11)
  A gargoyle (D:11)
  A rime drake (D:7)
  2 trolls (D:11)
  A hornet (D:9)
  Grinder (D:5)
  Prince Ribbit (D:7)
  A wraith (D:6)
  A shadow (D:11)
  2 wyverns (D:10)
  A steam dragon (D:8)
  19 yaks
  Grum (D:8)
  A vampire mosquito (D:6)
  Edmund (D:5)
  2 acid dragons
  Duvessa (D:7)
  3 water moccasins
  4 sky beasts
  6 orc warriors
  A black bear (D:7)
  4 ogres
  4 centaurs
  2 wolves (D:8)
  2 phantoms
  2 kobold brigands
  5 bullfrogs
  8 scorpions (D:5)
  A water moccasin skeleton (D:5)
  Dowan (D:7)
  8 wights
  2 electric eels (D:9)
  A howler monkey (D:8)
  4 centaur zombies
  A bullfrog zombie (D:7)
  3 hounds (D:5)
  4 jellies
  11 orc priests
  4 centaur skeletons
  2 iguanas
  11 orc wizards
  Ijyb (D:3)
  Terence (D:2)
  Natasha (thrice) (D:3)
  A hound skeleton (D:4)
  A howler monkey zombie (D:6)
  Robin (D:3)
  A howler monkey skeleton (D:6)
  7 adders
  2 shadow imps (D:7)
  A white imp (D:7)
  2 ufetubi (D:4)
  2 worms (D:2)
  A dart slug (D:2)
  43 orcs
  12 endoplasms
  7 giant cockroaches
  24 goblins
  9 hobgoblins
  3 jackals (D:3)
  18 kobolds
  2 quokkas (D:2)
  10 ball pythons
  6 bats
  3 frilled lizards
  A quokka skeleton (D:4)
  4 rats
311 creatures vanquished.

Vanquished Creatures (collateral kills)
  4 orc warriors (D:9)
4 creatures vanquished.

Vanquished Creatures (others)
  An orc wizard (D:8)
  11 plants (D:10)
  2 withered plants (D:3)
14 creatures vanquished.

Grand Total: 329 creatures vanquished

Notes
Turn   | Place    | Note
-------+----------+-------------------------------------------
     0 | D:1      | Revguard the Troll Berserker began the quest for the Orb.
     0 | D:1      | Reached XP level 1. HP: 22/22 MP: 0/0
   396 | D:1      | Reached XP level 2. HP: 29/29 MP: 1/1
   944 | D:2      | Reached XP level 3. HP: 36/36 MP: 2/2
   953 | D:2      | Reached ** piety under Trog
   973 | D:2      | Noticed Terence
   981 | D:2      | Killed Terence
   982 | D:2      | Reached skill level 3 in Fighting
   982 | D:2      | Reached skill level 1 in Throwing
  1183 | D:2      | Reached skill level 1 in Armour
  1197 | D:2      | Reached XP level 4. HP: 45/45 MP: 3/3
  1911 | D:3      | Noticed Robin
  1940 | D:3      | Reached XP level 5. HP: 41/46 MP: 4/4
  1948 | D:3      | Killed Robin
  2184 | D:3      | Found a faded altar of an unknown god.
  2405 | D:3      | Noticed Natasha
  2410 | D:3      | Killed Natasha
  2423 | D:3      | Noticed Natasha
  2429 | D:3      | Killed Natasha
  2495 | D:3      | Noticed Natasha
  2501 | D:3      | Killed Natasha
  2621 | D:3      | Noticed Ijyb
  2624 | D:3      | Reached *** piety under Trog
  2630 | D:3      | Paralysed by Ijyb for 7 turns
  2641 | D:3      | Killed Ijyb
  2642 | D:3      | Reached XP level 6. HP: 47/62 MP: 5/5
  3317 | D:4      | Reached skill level 4 in Fighting
  3357 | D:4      | Found a snail-covered altar of Cheibriados.
  3842 | D:5      | Entered Level 5 of the Dungeon
  3842 | D:5      | Noticed Edmund
  3842 | D:5      | Noticed Grinder
  3858 | D:5      | Killed Grinder
  3859 | D:5      | Reached XP level 7. HP: 60/71 MP: 6/6
  3862 | D:5      | Killed Edmund
  3952 | D:5      | Found a staircase to the Ecumenical Temple.
  3977 | D:5      | Reached skill level 5 in Fighting
  3986 | Temple   | Entered the Ecumenical Temple
  4257 | D:5      | Found a runed translucent door.
  4268 | D:5      | Reached XP level 8. HP: 31/80 MP: 7/7
  4272 | D:5      | Found a runed translucent door.
  4439 | D:5      | Reached skill level 6 in Fighting
  4576 | D:5      | Reached skill level 5 in Maces & Flails
  4630 | D:5      | Noticed a two-headed ogre
  4639 | D:5      | Killed a two-headed ogre
  4640 | D:5      | Reached XP level 9. HP: 92/92 MP: 8/8
  4737 | D:5      | Found a glowing silver altar of Zin.
  4763 | D:5      | Found an opulent altar of Gozag.
  4834 | D:5      | Gained mutation: Your muscles are strong. (Str +2) [potion
                  | of mutation]
  4834 | D:5      | Gained mutation: You sometimes lose the ability to read
                  | scrolls when taking damage. [potion of mutation]
  4834 | D:5      | Gained mutation: Your system is resistant to poisons.
                  | (rPois) [potion of mutation]
  4834 | D:5      | Gained mutation: You are agile. (Dex +2) [potion of
                  | mutation]
  4989 | D:6      | Reached skill level 5 in Dodging
  5043 | D:6      | Reached skill level 7 in Fighting
  5342 | D:6      | Found an ancient bone altar of Kikubaaqudgha.
  5666 | D:6      | Reached skill level 5 in Throwing
  5892 | D:7      | Noticed a manticore
  5905 | D:7      | Killed a manticore
  5906 | D:7      | Reached XP level 10. HP: 102/102 MP: 9/9
  5945 | D:7      | Noticed Prince Ribbit
  5960 | D:7      | Killed Prince Ribbit
  6089 | D:7      | Noticed Dowan
  6102 | D:7      | Noticed Duvessa
  6112 | D:7      | Killed Duvessa
  6120 | D:7      | Found the +4 skin of Zhor {*Englaciate rC+++ SInv}
  6149 | D:7      | Killed Dowan
  6156 | D:7      | Reached skill level 5 in Armour
  6279 | D:7      | Reached skill level 8 in Fighting
  6855 | D:8      | Found a sparkling altar of Nemelex Xobeh.
  7040 | D:8      | Noticed Grum
  7049 | D:8      | Killed Grum
  7372 | D:9      | Reached **** piety under Trog
  7667 | D:9      | Found a transporter.
  7672 | D:9      | Found a transporter.
  7678 | D:9      | Found a bloodstained altar of Trog.
  7678 | D:9      | Noticed a moth of wrath
  7849 | D:9      | Noticed a tengu warrior
  7850 | D:9      | Noticed CryoSword's ghost (novice OgBe)
  7851 | D:9      | Noticed a two-headed ogre
  7929 | D:9      | Noticed Gastronok
  7939 | D:9      | Paralysed by a hornet for 1 turns
  7942 | D:9      | Reached XP level 11. HP: 103/113 MP: 10/10
  7968 | D:9      | Killed Gastronok
  7969 | D:9      | Reached skill level 9 in Fighting
  8118 | D:9      | Found a staircase to the Orcish Mines.
  8264 | D:9      | Found an ornate altar of the Wu Jian Council.
  8357 | D:10     | Entered Level 10 of the Dungeon
  8605 | D:10     | Noticed Joseph
  8623 | D:10     | Killed Joseph
  8711 | D:10     | Found a blossoming altar of Fedhas.
  8930 | D:10     | Found a staircase to the Lair.
  8955 | D:10     | Noticed an oklob plant
  8968 | D:10     | Killed an oklob plant
  9098 | D:10     | Found a radiant altar of Vehumet.
  9548 | D:9      | Killed CryoSword's ghost
  9552 | D:9      | Killed a two-headed ogre
  9569 | D:9      | Killed a tengu warrior
  9570 | D:9      | Reached skill level 10 in Fighting
  9734 | D:11     | Reached XP level 12. HP: 126/126 MP: 11/11
 10200 | D:11     | Noticed a five-headed hydra
 10207 | D:11     | Killed a five-headed hydra
 10596 | D:12     | Slain by a skeletal warrior

Illustrated notes

Levels and vault maps discovered:
D:1:      nzn_arrival_crosshair, layout_basic
D:2:      layout_basic, kennysheep_generic_room_3, uniq_terence
D:3:      kennysheep_goblin_castle, layout_loops_ring,
          shapermc_ecumenical_altar_flowoftime, minmay_diced_spiral,
          uniq_natasha, uniq_robin
D:4:      layout_layer_cave, mainiacjoe_overflow_paths
D:5:      lemuel_insect_pit, layout_rooms,
          pdpol_temple_overflow_zin_treasury_gozag_greed,
          minmay_temple_entry_waves, uniq_ijyb, uniq_edmund, uniq_grinder
D:6:      minmay_diamond_boxcup, layout_basic,
          nicolae_kikubaaqudgha_miasma_corner, minmay_three_doors
D:7:      layout_rooms, roderic_serpentine_path, minmay_misc_feat_cross,
          chequers_hall_statues_corner_a, minmay_misc_feat_doors,
          grunt_ministairs_5, chequers_serial_rivers_room_b,
          chequers_serial_rivers_large_a, hellmonk_guarded_unrand_zhor,
          uniq_duvessa, uniq_prince_ribbit1
D:8:      layout_basic, mainiacjoe_overflow_small_starburst, interstate_on_off,
          serial_park_tiny_1, lightli_orcish_oven, uniq_grum
D:9:      layout_roguey, nzn_wu_jian_council_hall, erik_orc_2,
          gammafunk_ghost_wrathful_warriors, uniq_gastronok
D:10:     layout_loops_ring, fedhas_bush_and_centaur_altar,
          amcnicky_altar_gilded, dpeg_oklobed_lair, kennysheep_generic_room_15,
          uniq_joseph
D:11:     layout_irregular_city
D:12:     layout_loops_ring
Temple:   minmay_temple_curvy_branch

Skill      XL: |  1  2  3  4  5  6  7  8  9 10 11 12 |
---------------+-------------------------------------+-----
Fighting       | 3 4 5 6 7 8 10 | 10.4
Maces & Flails | 3 4 5 6 7 8 |  8.1
Throwing       | 1 2 3 4 5 6 7 |  7.5
Armour         | 1 2 4 5 6 7 |  7.0
Dodging        | 3 4 5 6 7 |  7.5

Action                   |  1- 3 |  4- 6 |  7- 9 | 10-12 || total
-------------------------+-------+-------+-------+-------++-------
Melee: Mace              |    38 |       |       |       ||    38
       Whip              |    60 |   176 |     4 |       ||   240
       Punch             |     1 |     5 |       |       ||     6
       Dire flail        |       |       |   221 |   517 ||   738
Throw: Dart              |       |     9 |     5 |    23 ||    37
       Large rock        |       |       |       |     3 ||     3
Invok: Berserk           |     1 |     2 |     6 |    11 ||    20
       Trog's Hand       |       |     2 |     5 |    11 ||    18
       Brothers in Arms  |       |       |       |     1 ||     1
Evoke: Wand              |       |       |     1 |       ||     1
  Use: Scroll            |       |     8 |     1 |     3 ||    12
       Potion            |       |     8 |     3 |     6 ||    17
 Stab: Sleeping          |       |     1 |       |       ||     1
       Invisible         |       |       |       |     1 ||     1
Armor: Animal skin       |    44 |    79 |   109 |   151 ||   383
Dodge: Dodged            |    62 |   101 |   203 |   397 ||   763
